[Event "Titled Tuesday Blitz June 20 Early 2023"]
[White "Ilamparthi A R"]
[Black "Sourath Biswas"]
[WhiteFideId "45015775"]
[BlackFideId "35091484"]
[WhiteElo "2348"]
[BlackElo "2171"]
[Result "1-0"]
[Round "4"]
[TimeControl "180+2"]
[Date "2023.06.20"]
[WhiteClock "0:00:22"]
[BlackClock "0:00:05"]
[Board "50"]

1. e4 c6 2. d3 d5 3. Nd2 e5 4. Ngf3 Bd6 5. d4 exd4 6. exd5 Nf6 7. dxc6 Nxc6 8. Be2 O-O 9. Nb3 Bb4+ 10. Bd2 Bxd2+ 11. Qxd2 Ne4 12. Qf4 Re8 13. O-O Be6 14. Rad1 Bxb3 15. axb3 Nc5 16. Bc4 Ne6 17. Bxe6 Rxe6 18. Nxd4 Nxd4 19. Rxd4 Qe7 20. Qd2 Re2 21. Qd3 b6 22. Rd7 Qe8 23. h3 g6 24. Rd1 Rc8 25. c4 Re1+ 26. Rxe1 Qxe1+ 27. Qf1 Qb4 28. Qd1 Re8 29. Qf3 Qe1+ 30. Kh2 Qe5+ 31. g3 Rf8 32. Rxa7 Qxb2 33. Rb7 Kg7 34. Rxb6 Qd4 35. Rb7 Qb2 36. Kg2 Kg8 37. h4 f6 38. Qd5+ Kh8 39. Qd7 1-0


[Site "https://www.chess.com"]

[Event "Titled Tuesday Blitz June 20 Early 2023"]
[White "Kovalenko, Igor"]
[Black "Sowul, Bartosz"]
[WhiteFideId "14117908"]
[BlackFideId "1137590"]
[WhiteElo "2574"]
[BlackElo "2188"]
[Result "0-1"]
[Round "4"]
[TimeControl "180+2"]
[Date "2023.06.20"]
[WhiteClock "0:00:18"]
[BlackClock "0:00:10"]
[Board "51"]

1. c4 Nf6 2. Nc3 d5 3. cxd5 Nxd5 4. g3 c5 5. Bg2 Nc7 6. d3 e5 7. Nf3 Nc6 8. Nd2 Bd7 9. O-O Be7 10. Nc4 f6 11. f4 b5 12. Ne3 exf4 13. Nf5 b4 14. Na4 Ne6 15. gxf4 O-O 16. Kh1 Rc8 17. b3 Ncd4 18. Nxe7+ Qxe7 19. e3 Nf5 20. Bd2 Kh8 21. Nb2 Nh4 22. f5 Nxg2 23. Kxg2 Bc6+ 24. e4 Nd4 25. Rc1 g6 26. fxg6 Rg8 27. Rf4 Rxg6+ 28. Kh1 Rcg8 29. Be3 Qe5 30. Nc4 Qg5 31. Qf1 Qh5 32. Bxd4 cxd4 33. Qf2 Rg2 34. Qh4 Qe2 35. Rcf1 f5 36. Ne5 fxe4 37. Nxc6 exd3 38. Nxd4 Qe3 39. R4f3 Rg1+ 0-1


[Site "https://www.chess.com"]

[Event "Titled Tuesday Blitz June 20 Early 2023"]
[White "TimGrutter03"]
[Black "Quesada Perez, Yuniesky"]
[BlackFideId "3504409"]
[WhiteElo "2583"]
[BlackElo "2585"]
[Result "0-1"]
[Round "4"]
[TimeControl "180+2"]
[Date "2023.06.20"]
[WhiteClock "0:00:03"]
[BlackClock "0:00:15"]
[Board "52"]

1. d4 Nf6 2. Nc3 d5 3. Bf4 a6 4. e3 Bf5 5. f3 e6 6. g4 Bg6 7. h4 h6 8. Bd3 Bxd3 9. Qxd3 c5 10. Nge2 Nc6 11. O-O-O Qa5 12. Kb1 b5 13. Ng3 b4 14. Nce2 c4 15. Qd2 c3 16. Qd3 Nd7 17. Nc1 cxb2 18. Nb3 Qa3 19. e4 Nb6 20. Nc5 Qxd3 21. Rxd3 Nxd4 22. Nb3 Nb5 23. Kxb2 Rc8 24. Rh2 g6 25. Kc1 Bg7 26. Be3 dxe4 27. Nxe4 Nc4 28. Bd4 Nxd4 29. Rxd4 O-O 30. Rd7 Rfd8 31. Rxd8+ Rxd8 32. Rh1 a5 33. Nbc5 Be5 34. Nd3 Bd4 35. g5 h5 36. Rf1 Kf8 37. Rd1 Ke7 38. Re1 Rc8 39. Re2 Na3 40. Kd1 Nb5 41. Ke1 Rc7 42. Kd1 Bg7 43. Nc1 Nd4 44. Rf2 Nf5 45. Rh2 Be5 46. Rh3 Ne3+ 47. Ke2 Nxc2 48. Kd3 Ne1+ 49. Ke2 Rxc1 50. Nd2 Rc2 51. Kxe1 Bc3 52. Rh2 Rxa2 53. Kd1 Rxd2+ 54. Rxd2 Bxd2 55. Kxd2 Kd6 56. Kc2 Kc5 57. Kb3 Kd4 0-1


[Site "https://www.chess.com"]

[Event "Titled Tuesday Blitz June 20 Early 2023"]
[White "Hammer, Jon Ludvig"]
[Black "Subelj, Jan"]
[WhiteFideId "1503707"]
[BlackFideId "14618583"]
[WhiteElo "2592"]
[BlackElo "2499"]
[Result "0-1"]
[Round "4"]
[TimeControl "180+2"]
[Date "2023.06.20"]
[WhiteClock "0:00:00"]
[BlackClock "0:00:34"]
[Board "53"]

1. e4 Nc6 2. d4 d5 3. e5 Bf5 4. c3 e6 5. Bd3 Nge7 6. f4 h5 7. Nf3 Bxd3 8. Qxd3 Nf5 9. g3 Be7 10. Nbd2 a6 11. Nf1 Na5 12. h3 g6 13. Rh2 Qd7 14. b3 Qb5 15. Kd2 b6 16. Qxb5+ axb5 17. Kc2 c5 18. g4 hxg4 19. hxg4 Rxh2+ 20. N3xh2 Nh4 21. Kb2 Nc6 22. Be3 Ng2 23. dxc5 bxc5 24. Rd1 g5 25. fxg5 Nxe3 26. Nxe3 Bxg5 27. Nxd5 exd5 28. Rxd5 Rd8 29. Rxc5 Rd2+ 30. Kb1 Rxh2 31. Rxc6 Re2 32. Rc5 Bf4 33. Rxb5 Bxe5 34. Rc5 Ke7 35. a4 Kd6 36. b4 Rg2 0-1


[Site "https://www.chess.com"]

[Event "Titled Tuesday Blitz June 20 Early 2023"]
[White "Lorparizangeneh, Shahin"]
[Black "Krishnan, Varun"]
[WhiteFideId "12521604"]
[BlackFideId "5054508"]
[WhiteElo "2526"]
[BlackElo "2573"]
[Result "1-0"]
[Round "4"]
[TimeControl "180+2"]
[Date "2023.06.20"]
[WhiteClock "0:01:15"]
[BlackClock "0:00:00"]
[Board "54"]

1. e4 c5 2. Nf3 d6 3. Bb5+ Nc6 4. O-O Bd7 5. Re1 a6 6. Bf1 Nf6 7. c3 Bg4 8. h3 Bxf3 9. Qxf3 g6 10. d3 Bg7 11. Be3 Nd7 12. Nd2 O-O 13. Qd1 b5 14. Nf3 b4 15. d4 e5 16. d5 Ne7 17. cxb4 cxb4 18. Qa4 a5 19. Rac1 f5 20. Ng5 f4 21. Ne6 fxe3 22. Rxe3 Qe8 23. Bb5 Qf7 24. Rf3 Nf6 25. Ng5 Bh6 26. Nxf7 Bxc1 27. Nxd6 Bxb2 28. Qc2 Bc3 29. Rxc3 bxc3 30. Qxc3 Nc8 31. Qxe5 Nxd6 32. Qxd6 Rab8 33. a4 Kg7 34. e5 Ne4 35. Qc7+ Kh6 36. f3 Rbc8 37. Qxa5 Ng3 38. Qd2+ Kg7 39. e6 Nf5 40. d6 Rfd8 41. e7 Rxd6 42. Qb2+ Kf7 43. e8=Q+ Rxe8 44. Bxe8+ Kxe8 45. Qh8+ Kf7 46. Qxh7+ Kf6 47. Qh8+ Kf7 48. a5 Rd1+ 49. Kh2 Ne3 50. Qh7+ Kf6 51. Qh4+ 1-0


[Site "https://www.chess.com"]

[Event "Titled Tuesday Blitz June 20 Early 2023"]
[White "Skliarov, Viktor"]
[Black "Goltsev, Dmitry"]
[WhiteFideId "14106736"]
[BlackFideId "24176710"]
[WhiteElo "2317"]
[BlackElo "2356"]
[Result "1/2-1/2"]
[Round "4"]
[TimeControl "180+2"]
[Date "2023.06.20"]
[WhiteClock "0:00:08"]
[BlackClock "0:00:07"]
[Board "55"]

1. e4 e6 2. d4 d5 3. e5 c5 4. c3 Nc6 5. Nf3 Qb6 6. a3 cxd4 7. cxd4 Nge7 8. Bd3 Bd7 9. Bc2 h5 10. Nc3 Rc8 11. O-O Na5 12. Ng5 f6 13. exf6 gxf6 14. Nh3 Nac6 15. Be3 Qxb2 16. Na4 Qb5 17. Nc5 b6 18. Ba4 Qb2 19. Nxd7 Kxd7 20. Qf3 Bh6 21. Rfb1 Qc3 22. Nf4 Bxf4 23. Qxf4 Nf5 24. Bb5 Qc2 25. a4 Qe4 26. Qxe4 dxe4 27. a5 Nxe3 28. fxe3 Kd6 29. axb6 axb6 30. Ra6 Rb8 31. Rc1 Na5 32. Ra7 Rb7 33. Rxb7 Nxb7 34. Rc6+ Kd7 35. Rxb6+ Kc7 36. Rc6+ Kb8 37. Rxe6 f5 38. Re8+ Rxe8 39. Bxe8 h4 40. Bg6 Nd6 41. g3 h3 42. Kf2 Kc7 43. g4 fxg4 44. Kg3 Nc4 45. Kxg4 Nxe3+ 46. Kxh3 Nc2 47. Bxe4 Nxd4 48. Kg4 Kd6 49. h4 Ke5 50. Bd3 Kf6 51. h5 Kg7 52. Kg5 Kh8 53. Kh6 Ne6 54. Bf5 Nf4 55. Kg5 Nxh5 1/2-1/2


[Site "https://www.chess.com"]

[Event "Titled Tuesday Blitz June 20 Early 2023"]
[White "Sethuraman, S.P."]
[Black "Demin, Vladimir"]
[WhiteFideId "5021596"]
[BlackFideId "4167457"]
[WhiteElo "2543"]
[BlackElo "2568"]
[Result "1-0"]
[Round "4"]
[TimeControl "180+2"]
[Date "2023.06.20"]
[WhiteClock "0:00:37"]
[BlackClock "0:00:00"]
[Board "56"]

1. d4 Nf6 2. Nf3 d5 3. c4 e6 4. Nc3 c5 5. cxd5 cxd4 6. Qxd4 exd5 7. Bg5 Be7 8. e3 O-O 9. Rd1 Nc6 10. Qa4 Be6 11. Bb5 Qb6 12. O-O a6 13. Bxc6 bxc6 14. Qc2 h6 15. Bh4 Rac8 16. b3 Rfd8 17. Nd4 c5 18. Na4 Qb4 19. Nxe6 fxe6 20. Bg3 c4 21. Be5 cxb3 22. Qxb3 Qe4 23. Bg3 Rc4 24. Nc3 Qg6 25. Ne2 Ne4 26. Qb7 Bc5 27. Qxa6 Nxg3 28. hxg3 Qc2 29. Qxe6+ Kh8 30. Nf4 Re4 31. Qf5 Kg8 32. Rxd5 Rxd5 33. Qxd5+ Kh7 34. Qf5+ Kg8 35. Ng6 1-0


[Site "https://www.chess.com"]

[Event "Titled Tuesday Blitz June 20 Early 2023"]
[White "Mendonca, Leon Luke"]
[Black "Sebag, Marie"]
[WhiteFideId "35028561"]
[BlackFideId "617822"]
[WhiteElo "2464"]
[BlackElo "2431"]
[Result "1-0"]
[Round "4"]
[TimeControl "180+2"]
[Date "2023.06.20"]
[WhiteClock "0:01:00"]
[BlackClock "0:00:00"]
[Board "57"]

1. e4 e5 2. Nf3 Nc6 3. Bc4 Nf6 4. d3 Bc5 5. h3 d6 6. Nbd2 O-O 7. a4 a6 8. Nf1 d5 9. exd5 Nxd5 10. Ng3 h6 11. O-O Be6 12. Re1 Bd6 13. c3 f5 14. Qb3 Na5 15. Bxd5 Nxb3 16. Bxe6+ Kh8 17. Bxb3 Qf6 18. Bd2 Rae8 19. Re2 Qg6 20. Rae1 Qf6 21. Bc4 Re7 22. a5 Rfe8 23. Bd5 c6 24. Bc4 Bc7 25. b4 g5 26. Nh2 Qg6 27. Nf3 Kg7 28. Bc1 Kh8 29. Nd2 f4 30. Nge4 g4 31. hxg4 Qxg4 32. Nf6 Qg6 33. Nxe8 Rxe8 34. Nf3 Re7 35. Bxf4 Rg7 36. Bg3 e4 37. Nh4 Qg5 38. Rxe4 1-0


[Site "https://www.chess.com"]

[Event "Titled Tuesday Blitz June 20 Early 2023"]
[White "Ning, Kaiyu"]
[Black "Raja Rithvik R"]
[WhiteFideId "8614750"]
[BlackFideId "35007394"]
[WhiteElo "2287"]
[BlackElo "2395"]
[Result "1-0"]
[Round "4"]
[TimeControl "180+2"]
[Date "2023.06.20"]
[WhiteClock "0:00:06"]
[BlackClock "0:00:00"]
[Board "58"]

1. e4 c5 2. Nf3 d6 3. Bb5+ Nd7 4. d4 cxd4 5. Nxd4 a6 6. Bd3 Ngf6 7. O-O Nc5 8. Nc3 e6 9. a4 Be7 10. Be3 O-O 11. a5 Bd7 12. f4 Qc7 13. Kh1 Rac8 14. Nf3 e5 15. f5 Bc6 16. Bxc5 dxc5 17. Qe2 c4 18. Bxc4 Bb4 19. Nd5 Bxd5 20. Bxd5 Nxd5 21. exd5 Qxc2 22. Qxe5 Rfe8 23. Qf4 Re4 24. Qg3 Qxb2 25. f6 g6 26. Ng5 Rec4 27. Rad1 h6 28. Qh3 hxg5 29. d6 Bxd6 30. Rxd6 Qf2 31. Rdd1 Qh4 32. Qd7 Rf8 33. Qxb7 Rf4 34. Qxa6 Rxf1+ 35. Qxf1 g4 36. a6 g3 37. h3 Qa4 38. Ra1 Qd4 39. a7 Ra8 40. Qa6 Qf2 41. Qa2 Qxf6 42. Qa6 Qf2 43. Qb7 Re8 44. a8=Q Rxa8 45. Qxa8+ Kg7 46. Qa2 Qf4 47. Qb2+ Kh7 48. Re1 Qf5 49. Qe2 Qf4 50. Rf1 Qc7 51. Qf3 Kg8 52. Qf4 Qc3 53. Qf3 Qe5 54. Rd1 Kh7 55. Kg1 Qc5+ 56. Kf1 Qc7 57. Rd3 Qc1+ 58. Ke2 Qc2+ 59. Rd2 Qc4+ 60. Qd3 Qe6+ 61. Qe3 Qc4+ 62. Kd1 Qf1+ 63. Kc2 Qc4+ 64. Qc3 Qe4+ 65. Kb2 Qb7+ 66. Qb3 Qc7 67. Rc2 Qe5+ 68. Ka2 Qa5+ 69. Qa3 Qd5+ 70. Qb3 Qa5+ 71. Kb2 Qe5+ 72. Qc3 Qb5+ 73. Ka1 Qf1+ 74. Ka2 Qa6+ 75. Qa3 Qe6+ 76. Kb1 Qe1+ 77. Rc1 Qe4+ 78. Rc2 Qe1+ 79. Kb2 Qe5+ 80. Rc3 Qe2+ 81. Ka1 Qf1+ 82. Qc1 Qxg2 83. Re3 Qf2 84. Qe1 Qf6+ 85. Kb1 g2 86. Qd1 Qf1 87. Re1 Qf5+ 88. Kc1 Qxh3 89. Rg1 Qc3+ 90. Kb1 Qb4+ 91. Kc2 Qc4+ 92. Kd2 Qd4+ 93. Ke2 Qe4+ 94. Kf2 Qf4+ 95. Kxg2 Qg5+ 96. Kf1 Qf4+ 97. Ke2 Qe4+ 98. Kf2 Qf4+ 99. Qf3 Qd2+ 100. Qe2 Qf4+ 101. Kg2 Qg5+ 102. Kh1 Qd5+ 103. Qg2 Qd4 104. Qh2+ Kg7 105. Re1 Qd5+ 106. Qg2 Qh5+ 107. Kg1 Qc5+ 108. Qf2 Qg5+ 109. Kf1 Qb5+ 110. Kg2 Qg5+ 111. Qg3 Qd2+ 112. Kf1 Qc2 113. Qe5+ Kh7 114. Re2 Qc1+ 115. Kf2 Qc4 116. Qf6 Qc5+ 117. Re3 Qc2+ 118. Ke1 Qc1+ 119. Ke2 Qc2+ 120. Kf3 Qd1+ 121. Ke4 Qg4+ 122. Kd5 Qd7+ 123. Kc4 1-0


[Site "https://www.chess.com"]

[Event "Titled Tuesday Blitz June 20 Early 2023"]
[White "Zemlyanskii, Ivan"]
[Black "Shukhman, Anna"]
[WhiteFideId "24249971"]
[BlackFideId "54180058"]
[WhiteElo "2421"]
[BlackElo "2235"]
[Result "0-1"]
[Round "4"]
[TimeControl "180+2"]
[Date "2023.06.20"]
[WhiteClock "0:00:01"]
[BlackClock "0:00:29"]
[Board "59"]

1. d4 f5 2. Qd3 Nc6 3. d5 Nb4 4. Qb3 e5 5. dxe6 dxe6 6. Nf3 Nf6 7. g3 Qd5 8. Na3 Qxb3 9. axb3 Be7 10. c3 Nbd5 11. Bg2 O-O 12. O-O Ne4 13. Nd2 Nxd2 14. Bxd2 c5 15. Nc4 Bd7 16. e4 fxe4 17. Bxe4 Bf6 18. Rfe1 Bc6 19. Na5 Rfd8 20. Re2 Rd7 21. Be1 Rad8 22. Nxc6 bxc6 23. Ra6 Rc7 24. Bf3 Kf7 25. Re4 Nb6 26. Kg2 Rd6 27. h4 g6 28. Kf1 Rcd7 29. h5 Bg5 30. Bg4 gxh5 31. Bxh5+ Ke7 32. Bg4 Nd5 33. f4 Nf6 34. Rxe6+ Rxe6 35. Bxe6 Kxe6 36. fxg5 Ne4 37. Rxc6+ Kf5 38. Ke2 Kxg5 39. Kf3 Kf5 40. g4+ Ke5 41. c4 Rd3+ 42. Kg2 Rxb3 43. Ra6 Rxb2+ 44. Kf3 Rb3+ 45. Kg2 Kf4 46. Rxa7 Rb2+ 47. Kf1 Rh2 48. Re7 Kf3 49. Kg1 Rg2+ 50. Kf1 Rxg4 51. Rxh7 Ke3 52. Rd7 Rf4+ 53. Kg2 Ke2 54. Ba5 Rg4+ 55. Kh3 Nf2+ 56. Kh2 Kf1 0-1


[Site "https://www.chess.com"]

[Event "Titled Tuesday Blitz June 20 Early 2023"]
[White "Pakleza, Zbigniew"]
[Black "Girya, Olga"]
[WhiteFideId "1119290"]
[BlackFideId "4195752"]
[WhiteElo "2410"]
[BlackElo "2263"]
[Result "0-1"]
[Round "4"]
[TimeControl "180+2"]
[Date "2023.06.20"]
[WhiteClock "0:00:01"]
[BlackClock "0:00:02"]
[Board "60"]

1. d4 Nf6 2. Nf3 d5 3. Bf4 c5 4. c3 Nc6 5. Nbd2 Qb6 6. Qb3 c4 7. Qc2 g6 8. e4 dxe4 9. Nxc4 Qd8 10. Nfe5 Bg7 11. Be2 O-O 12. O-O Bf5 13. Qb3 Nd5 14. Bg3 Nb6 15. Nxb6 Qxb6 16. Qxb6 axb6 17. Nc4 b5 18. Nb6 Ra5 19. a3 e5 20. d5 Ra6 21. dxc6 Rxb6 22. cxb7 Rxb7 23. Rfd1 Be6 24. f3 exf3 25. Bxf3 Rbb8 26. Rd6 Bc4 27. Re1 Rfe8 28. Bd5 Red8 29. Rxd8+ Rxd8 30. Bxc4 bxc4 31. Bxe5 Bxe5 32. Rxe5 Rd2 33. Rb5 Kg7 34. a4 f5 35. a5 f4 36. a6 Rd1+ 37. Kf2 Ra1 38. Rb7+ Kf6 39. a7 g5 40. Rxh7 g4 41. Rc7 Ra2 42. Kf1 Ke5 43. Rc5+ Ke4 44. Rxc4+ Ke3 45. g3 f3 46. Ra4 Rxa4 47. a8=Q Rxa8 48. h3 Ra1# 0-1


[Site "https://www.chess.com"]

[Event "Titled Tuesday Blitz June 20 Early 2023"]
[White "Akhmedinov, Satbek"]
[Black "Cherniaiev, Tykhon"]
[WhiteFideId "13714287"]
[BlackFideId "14182360"]
[WhiteElo "1998"]
[BlackElo "2450"]
[Result "1-0"]
[Round "4"]
[TimeControl "180+2"]
[Date "2023.06.20"]
[WhiteClock "0:01:15"]
[BlackClock "0:00:07"]
[Board "61"]

1. e4 e5 2. Nf3 Nc6 3. Bc4 Bc5 4. c3 Nf6 5. d4 exd4 6. cxd4 Bb4+ 7. Bd2 Bxd2+ 8. Nbxd2 Nxe4 9. Bxf7+ Kxf7 10. Nxe4 Re8 11. Ne5+ Nxe5 12. dxe5 Rxe5 13. O-O d5 14. Qf3+ Rf5 15. Qd3 Kg8 16. Rad1 c6 17. Rfe1 Qf8 18. Qb3 a5 19. Nd2 a4 20. Qb6 Ra6 21. Qc7 Rf7 22. Qb8 Rb6 23. Nf3 Rxb2 24. Re3 Bd7 25. Qg3 Rxa2 26. Rde1 h6 27. Ne5 Re7 28. Nxd7 Rxd7 29. Re8 Rf7 30. Rxf8+ Rxf8 31. h4 Rc2 32. Re7 Rf7 33. Qb8+ Rf8 34. Qxb7 Rfxf2 35. Rxg7+ Kh8 36. Rh7+ Kg8 37. Qg7# 1-0


[Site "https://www.chess.com"]

[Event "Titled Tuesday Blitz June 20 Early 2023"]
[White "Garcia Blanco, Omar"]
[Black "splendidkid"]
[WhiteFideId "2287153"]
[WhiteElo "2356"]
[BlackElo "2747"]
[Result "1-0"]
[Round "4"]
[TimeControl "180+2"]
[Date "2023.06.20"]
[WhiteClock "0:00:21"]
[BlackClock "0:00:38"]
[Board "62"]

1. e4 c5 2. Nc3 Nc6 3. Bb5 Nd4 4. Nf3 e6 5. O-O a6 6. Bd3 Nc6 7. b3 g6 8. Bb2 Bg7 9. Na4 Bxb2 10. Nxb2 d6 11. c3 Nge7 12. Bc2 O-O 13. d4 cxd4 14. cxd4 d5 15. e5 Bd7 16. Nd3 Rc8 17. Nf4 Kg7 18. h4 h6 19. a3 Qb6 20. b4 Na7 21. Re1 Nb5 22. Re3 a5 23. Ne2 axb4 24. axb4 Rc7 25. h5 Rfc8 26. Ba4 Nf5 27. Rd3 Rc4 28. g4 Ne7 29. Qd2 Nc6 30. Bxb5 Qxb5 31. Qf4 Be8 32. Qf6+ Kh7 33. hxg6+ fxg6 34. Ng5+ Kg8 35. Qxe6+ Kg7 36. Qf6+ Kg8 37. Ne6 Rc7 38. Qf8+ Kh7 39. Ng5+ hxg5 40. Rh3# 1-0


[Site "https://www.chess.com"]

[Event "Titled Tuesday Blitz June 20 Early 2023"]
[White "Garv Gaur"]
[Black "Mahdavi, Reza"]
[WhiteFideId "45030839"]
[BlackFideId "12595926"]
[WhiteElo "2068"]
[BlackElo "2395"]
[Result "0-1"]
[Round "4"]
[TimeControl "180+2"]
[Date "2023.06.20"]
[WhiteClock "0:00:03"]
[BlackClock "0:00:40"]
[Board "63"]

1. e4 c5 2. Nc3 d6 3. Nge2 Nf6 4. g3 Nc6 5. Bg2 g6 6. h3 Bg7 7. O-O O-O 8. d4 cxd4 9. Nxd4 Nxd4 10. Qxd4 Be6 11. Qd1 Qc8 12. Kh2 Qc4 13. Re1 a5 14. Be3 a4 15. a3 Ra5 16. Qd2 Rh5 17. f3 Rc8 18. Rad1 Nd7 19. Bd4 Ne5 20. Qf2 Qc6 21. g4 Bxg4 22. Kg3 Be6 23. f4 Nc4 24. e5 Qc7 25. exd6 Nxd6 26. Bxg7 Nf5+ 27. Kh2 Kxg7 28. Re5 Rh4 29. Rde1 Rh6 30. Ne4 Qxc2 31. Re2 Qc4 32. Ng5 Bd7 33. Bd5 Qd3 34. Be4 Qd6 35. Bxf5 Bxf5 36. Rxe7 Rf8 37. R2e5 Rh5 38. Qe2 h6 39. Rxf5 hxg5 40. Rfe5 Rfh8 41. fxg5 Rxh3+ 42. Kg1 Rh1+ 43. Kf2 R1h2+ 44. Kf3 Rxe2 45. Kxe2 Rh2+ 0-1


[Site "https://www.chess.com"]

[Event "Titled Tuesday Blitz June 20 Early 2023"]
[White "Roebers, Eline"]
[Black "Nazari, Arad"]
[WhiteFideId "1058401"]
[BlackFideId "12577324"]
[WhiteElo "2554"]
[BlackElo "2175"]
[Result "1-0"]
[Round "4"]
[TimeControl "180+2"]
[Date "2023.06.20"]
[WhiteClock "0:00:16"]
[BlackClock "0:00:03"]
[Board "64"]

1. e4 c5 2. Nf3 d6 3. d4 cxd4 4. Nxd4 Nf6 5. Nc3 a6 6. f4 e5 7. Nb3 Qc7 8. Be2 Nc6 9. O-O Be7 10. a4 Nb4 11. Be3 Be6 12. f5 Bc4 13. a5 Rc8 14. Ra4 d5 15. exd5 Bxe2 16. Qxe2 Nfxd5 17. Nxd5 Nxd5 18. Re4 Qxc2 19. Qxc2 Rxc2 20. Rxe5 Nxe3 21. Rxe3 Rc7 22. Rfe1 f6 23. Nd4 Kf7 24. Ne6 Rd7 25. Rg3 Rg8 26. Rh3 Bb4 27. Re4 Bxa5 28. Rxh7 Bb6+ 29. Kf1 Rd5 30. g4 Rd1+ 31. Ke2 Rd6 32. h4 Rd7 33. h5 Ke8 34. Nxg7+ Kd8 35. Ne6+ Kc8 36. Rxd7 Kxd7 37. Rb4 Kc6 38. Kf3 Bc5 39. Rc4 b6 40. Nxc5 bxc5 41. b4 Kb5 42. Rxc5+ Kxb4 43. Rc6 a5 44. Rxf6 Ra8 45. Rb6+ Kc5 46. Rb1 1-0


[Site "https://www.chess.com"]

[Event "Titled Tuesday Blitz June 20 Early 2023"]
[White "Yuan, Qingyu"]
[Black "Mamedov, Edgar"]
[WhiteFideId "8609772"]
[BlackFideId "13739980"]
[WhiteElo "2359"]
[BlackElo "2317"]
[Result "1-0"]
[Round "4"]
[TimeControl "180+2"]
[Date "2023.06.20"]
[WhiteClock "0:01:04"]
[BlackClock "0:00:16"]
[Board "65"]

1. e4 c5 2. Nc3 e6 3. g3 d5 4. Bg2 dxe4 5. Nxe4 Nc6 6. Ne2 Be7 7. O-O Nf6 8. d3 O-O 9. Be3 Nd4 10. c3 Nxe2+ 11. Qxe2 Nd7 12. Rfd1 f5 13. Nd2 Nf6 14. d4 Nd5 15. dxc5 Nxe3 16. Qxe3 f4 17. Qd4 fxg3 18. hxg3 Qc7 19. Ne4 Rf5 20. b4 Rd5 21. Qc4 Qd8 22. Rd4 Rxd4 23. cxd4 Bd7 24. Rd1 Kh8 25. Nc3 Bc6 26. Bxc6 bxc6 27. Qxe6 Bf6 28. Qxc6 Bxd4 29. Rxd4 1-0


[Site "https://www.chess.com"]

[Event "Titled Tuesday Blitz June 20 Early 2023"]
[White "Aarav Dengla"]
[Black "Fernandez Guillen, Ernesto J."]
[WhiteFideId "45059756"]
[BlackFideId "3512428"]
[WhiteElo "2288"]
[BlackElo "2434"]
[Result "0-1"]
[Round "4"]
[TimeControl "180+2"]
[Date "2023.06.20"]
[WhiteClock "0:00:00"]
[BlackClock "0:00:28"]
[Board "66"]

1. e4 e5 2. Nf3 Nc6 3. Bb5 f5 4. d3 fxe4 5. dxe4 Nf6 6. O-O d6 7. Qd3 Bg4 8. h3 Bh5 9. Nc3 Qd7 10. Nd5 Be7 11. Rd1 O-O 12. g4 Nxg4 13. hxg4 Qxg4+ 14. Kf1 Qh3+ 15. Ke1 Rxf3 16. Qc4 Qh1+ 17. Qf1 Qxf1+ 18. Bxf1 Bh4 19. Be3 Rxe3+ 20. Nxe3 Bxd1 21. Rxd1 Rf8 22. Nf5 Bxf2+ 23. Kxf2 g6 24. Bh3 gxf5 25. exf5 Nd4 26. Rg1+ Kh8 27. Rg3 Rf7 28. Rc3 Nxf5 29. Bxf5 Rxf5+ 30. Kg3 Rf7 31. Ra3 a6 32. Rb3 b6 33. Ra3 a5 34. Rc3 Kg7 35. Rc4 Kg6 36. Rh4 h5 37. Rh1 Rf4 38. Rd1 h4+ 39. Kh3 Kh5 40. Rd3 Rg4 41. Rc3 Rg3+ 0-1


[Site "https://www.chess.com"]

[Event "Titled Tuesday Blitz June 20 Early 2023"]
[White "Gavrilov, Maxim"]
[Black "Rohith Krishna S"]
[WhiteFideId "24271454"]
[BlackFideId "46617051"]
[WhiteElo "1969"]
[BlackElo "2270"]
[Result "0-1"]
[Round "4"]
[TimeControl "180+2"]
[Date "2023.06.20"]
[WhiteClock "0:02:15"]
[BlackClock "0:02:34"]
[Board "67"]

1. d4 Nf6 2. c4 c5 3. d5 b5 4. cxb5 a6 5. bxa6 d6 6. Nc3 Bxa6 7. g3 g6 8. Bg2 Bg7 9. Nf3 O-O 10. O-O Nbd7 11. Ne1 Qb6 12. Nc2 Rfb8 13. Ne3 Ne5 14. h3 Nc4 15. Nxc4 Bxc4 16. b3 Bxb3 17. Qd2 Bc4 18. a4 Qa5 19. Ra3 Rb3 20. Rxb3 Bxb3 21. Bb2 Nd7 22. Ra1 Nb6 23. Ra3 Nc4 0-1


[Site "https://www.chess.com"]

[Event "Titled Tuesday Blitz June 20 Early 2023"]
[White "Karamsetty, Jeevan"]
[Black "Veiga, Jose Francisco R P Neves"]
[WhiteFideId "2025337"]
[BlackFideId "1930087"]
[WhiteElo "2131"]
[BlackElo "2319"]
[Result "1-0"]
[Round "4"]
[TimeControl "180+2"]
[Date "2023.06.20"]
[WhiteClock "0:01:35"]
[BlackClock "0:00:34"]
[Board "68"]

1. g3 Nf6 2. Bg2 e5 3. d3 d5 4. Nf3 Nc6 5. O-O Be7 6. Nbd2 O-O 7. e4 dxe4 8. Nxe4 Nxe4 9. dxe4 Be6 10. Qe2 Nd4 11. Nxd4 Qxd4 12. c3 Qc4 13. Qxc4 Bxc4 14. Rd1 Bc5 15. b3 Be6 16. Bg5 f6 17. Be3 Bxe3 18. fxe3 Rfd8 19. h3 Kf7 20. Kf2 Ke7 21. c4 a5 22. Ke2 Rd6 23. Rxd6 Kxd6 24. Kd3 Kc5 25. Kc3 h5 26. Rd1 h4 27. g4 Ra6 28. Bf3 Rd6 29. Rg1 c6 30. a3 b5 31. b4+ axb4+ 32. axb4+ 1-0


[Site "https://www.chess.com"]

[Event "Titled Tuesday Blitz June 20 Early 2023"]
[White "Renjith, Sravan"]
[Black "Bethke, Richard"]
[WhiteFideId "4306783"]
[BlackFideId "12959243"]
[WhiteElo "2104"]
[BlackElo "2369"]
[Result "1-0"]
[Round "4"]
[TimeControl "180+2"]
[Date "2023.06.20"]
[WhiteClock "0:00:06"]
[BlackClock "0:00:37"]
[Board "69"]

1. b3 d5 2. Bb2 Nd7 3. Nf3 Ngf6 4. e3 e6 5. Be2 Bd6 6. O-O O-O 7. c4 c6 8. d4 Qe7 9. Nbd2 e5 10. dxe5 Nxe5 11. cxd5 Nxd5 12. Nc4 Nxc4 13. bxc4 Nf6 14. Nd4 Rd8 15. Qc2 Bg4 16. Bxg4 Nxg4 17. h3 Ne5 18. Nf5 Qe6 19. c5 Bc7 20. f4 Nd3 21. Nxg7 Qxe3+ 22. Kh1 Nxf4 23. Nf5 Qd2 24. Qxd2 Rxd2 25. Bc1 Rad8 26. Bxd2 Rxd2 27. Rad1 Rxd1 28. Rxd1 Ne6 29. Rc1 Kf8 30. g4 Ba5 31. Kg2 Bb4 32. Nd6 Nxc5 33. Rb1 a5 34. a3 Bxa3 35. Nxb7 Nxb7 36. Rxb7 Bb4 37. Ra7 c5 38. Kf3 c4 39. Ke4 c3 40. Kd3 Kg7 41. h4 Kg6 42. Ra6+ f6 43. g5 Kh5 44. gxf6 Kxh4 45. f7 Kg5 46. Ra8 h5 47. f8=Q Bxf8 48. Rxf8 h4 49. Ke3 Kg4 50. Kf2 a4 51. Rc8 Kf4 52. Rc4+ Ke5 53. Rxa4 h3 54. Rh4 c2 55. Rc4 h2 56. Kg2 h1=Q+ 57. Kxh1 Kd5 58. Rxc2 Kd4 59. Rg2 Kd3 60. Kg1 1-0


[Site "https://www.chess.com"]

[Event "Titled Tuesday Blitz June 20 Early 2023"]
[White "Siniauski, Artsiom"]
[Black "Priasmoro, Novendra"]
[WhiteFideId "13512269"]
[BlackFideId "7105029"]
[WhiteElo "2065"]
[BlackElo "2412"]
[Result "0-1"]
[Round "4"]
[TimeControl "180+2"]
[Date "2023.06.20"]
[WhiteClock "0:00:00"]
[BlackClock "0:00:42"]
[Board "70"]

1. e4 e5 2. Nf3 Nc6 3. Bb5 Nf6 4. d3 Bc5 5. Nbd2 O-O 6. Nb3 Bb6 7. Bg5 h6 8. Bh4 d6 9. Bxc6 bxc6 10. Qd2 Bg4 11. Qc3 a5 12. Nbd2 a4 13. b4 c5 14. O-O cxb4 15. Qxb4 g5 16. Bg3 Nh5 17. c3 Qd7 18. d4 f6 19. Rab1 Kh7 20. Qb5 Qf7 21. Qc4 Qxc4 22. Nxc4 Bxf3 23. gxf3 Rfb8 24. Nxb6 Rxb6 25. Rxb6 cxb6 26. Rb1 Ra6 27. Rb4 Ng7 28. Kf1 Ne6 29. Ke2 Nc7 30. Kd3 b5 31. c4 bxc4+ 32. Rxc4 Ne6 33. dxe5 dxe5 34. h3 Kg6 35. Kc3 Nd4 36. Rc8 Nxf3 37. Kb4 Nd2 38. f3 Nxf3 39. Kb5 Ra7 40. Rd8 Nd4+ 41. Kc4 Rc7+ 42. Kd5 Rc2 43. a3 Rc3 44. Be1 Rxa3 45. Bb4 Rd3 46. Kc4 Rxh3 47. Rd7 Nc6 48. Bf8 Re3 49. Rg7+ Kh5 50. Kd5 Nd4 51. Rh7 Kg4 52. Rxh6 Rf3 53. Be7 a3 54. Rh8 a2 55. Ra8 Rf2 56. Kc4 Rc2+ 57. Kd3 Rf2 58. Kc3 Nc6 59. Bd6 Kf4 60. Bc7 g4 61. Ra6 Nd4 62. Rxf6+ Ke3 63. Ra6 Rc2+ 64. Kb4 Rxc7 65. Rxa2 Rb7+ 66. Kc5 Kxe4 67. Kd6 Rb6+ 68. Kc5 Rc6+ 69. Kb4 g3 70. Re2+ Kf3 71. Rxe5 g2 72. Rg5 Ne2 0-1


[Site "https://www.chess.com"]